 Dungeon Crawl Stone Soup version 0.25-a0-631-gc915619 (webtiles) character file.

Game seed: 11840451025882040190, levelgen mode: deterministic

74 MrTaco21 the Cudgeler (level 4, 0/28 HPs)
             Began as a Gargoyle Fighter on Mar 18, 2020.
             Fell down a flight of stairs (1 damage)
             ... on level 2 of the Dungeon.
             The game lasted 00:04:39 (1966 turns).

MrTaco21 the Cudgeler (Gargoyle Fighter)            Turns: 1966, Time: 00:04:39

Health: 0/28       AC: 12    Str: 21    XL:     4   Next: 30%
Magic:  4/4        EV:  7    Int:  8    God:
Gold:   44         SH:  0    Dex:  9    Spells: 3/3 levels left

rFire    . . .     SeeInvis .   a - +0 flail
rCold    . . .     Gourm    .   c - +0 kite shield
rNeg     + . .     Faith    .   b - +0 scale mail
rPois    ∞         Spirit   .   (no helmet)
rElec    +         Reflect  .   (no cloak)
rCorr    .         Harm     .   h - +1 pair of gloves
MR       .....                  (no boots)
Stlth    ..........             (no amulet)
HPRegen  0.09/turn              (no ring)
MPRegen  0.09/turn              (no ring)

@: confused
A: negative energy resistance 1, electricity resistance, unbreathing,
petrification resistance, rot immunity, AC +3
a: no special abilities


You were on level 2 of the Dungeon.
You were hungry.

You visited 1 branch of the dungeon, and saw 2 of its levels.

You collected 44 gold pieces.

Inventory:

Hand Weapons
 a - a +0 flail (weapon)
Missiles
 m - 4 poisoned darts (quivered)
Armour
 b - a +0 scale mail (worn)
 c - a +0 kite shield (worn)
 f - a +0 helmet
   (You took it off Robin on level 2 of the Dungeon)
 h - a +1 pair of gloves (worn)
   (You found it on level 1 of the Dungeon)
Scrolls
 l - a scroll of enchant weapon {unknown}
 n - a scroll of remove curse {unknown}
 o - a scroll of identify {unknown}
Potions
 d - a potion of might
 g - a potion of heal wounds {unknown}
 i - 2 potions of magic {unknown}
 j - a potion of berserk rage {unknown}
 k - a potion of mutation {unknown}
Comestibles
 e - 3 rations {!d}


   Skills:
 - Level 3.2 Fighting
 + Level 4.4 Maces & Flails
 - Level 3.2 Armour
 - Level 3.2 Shields


You had 3 spell levels left.
You didn't know any spells.
Your spell library was empty.

Dungeon Overview and Level Annotations

Branches:
Dungeon (2/15)

Altars:

Annotations:
D:2 Sigmund


Innate Abilities, Weirdness & Mutations

You are resistant to torment.
Your stone body is resilient. (AC +3)
You are immune to poison.
You resist negative energy. (rN+)
You are resistant to electric shocks. (rElec)
You can survive without breathing.
You are immune to petrification.
You are immune to rotting.


Message History

You miss something. Something hits you. Something freezes you.
You barely miss something. Something hits you. Something freezes you.
You closely miss something.
Unknown command.
You barely miss something. Something hits you but does no damage.
You miss something. Something hits you but does no damage.
You hit something but do no damage. Something hits you but does no damage.
You barely miss something.
You hear some strange, mumbled words.
Something tries to affect you, but you resist.
Unknown command.
You miss something. Something hits you but does no damage.
You miss something. Something hits you but does no damage.
Your shield and scale mail prevent you from hitting something.
Unknown command.
You hit something. Something hits you but does no damage.
You miss something. Something hits you but does no damage.
You miss something. Something hits you but does no damage.
You miss something.
You hear some strange, mumbled words.
A magic dart appears from out of thin air!
The magic dart hits you!
* * * LOW HITPOINT WARNING * * *
You miss something. Something hits you.
* * * LOW HITPOINT WARNING * * *
Something freezes you.
* * * LOW HITPOINT WARNING * * *
Unknown command.
Something hits you.
* * * LOW HITPOINT WARNING * * *
Something freezes you.
* * * LOW HITPOINT WARNING * * *
There is a stone staircase leading up here.
You hear some strange, mumbled words.
You are confused.
In your confused state, you trip and fall back down the stairs.
You die...

###### #.#.....# #....#
#.#.....#... #....#
#.#.....#... #....#
############.'.....#... #....#
#...........##.....#... #....#
#.###..............#... #....#
#.####[####.#.##'#.#... ###'.#
#.#.{.....#.#.##.#.##'# #..##
#.#.##@##.#.#.##.#.##.#
#...#####.#.##.##.#.#....#.##.#
#..#........##.##.#.######.##.#
#..##{###.#.##....#........##.#
#.........#.##....###########†#
#.........#.#..........##.. #.#
#.........#.#.....####.##.# #.#
##........#.#.....# #.##.# #.#
##########.#.....# #.##.# #.#


There were no monsters in sight!

Vanquished Creatures
  Robin (D:2)
  2 dart slugs (D:1)
  A leopard gecko (D:1)
  2 bats (D:1)
  4 giant cockroaches
  4 hobgoblins
  6 jackals
  5 kobolds
  19 goblins
  4 rats
48 creatures vanquished.

Notes
Turn   | Place    | Note
-------+----------+-------------------------------------------
     0 | D:1      | MrTaco21 the Gargoyle Fighter began the quest for the Orb.
     0 | D:1      | Reached XP level 1. HP: 14/14 MP: 1/1
    69 | D:1      | Reached XP level 2. HP: 19/19 MP: 2/2
   154 | D:1      | Reached skill level 3 in Maces & Flails
   237 | D:1      | Reached XP level 3. HP: 12/23 MP: 3/3
   968 | D:2      | Noticed Sigmund
  1288 | D:2      | Noticed Robin
  1315 | D:1      | Reached skill level 4 in Maces & Flails
  1369 | D:1      | Reached XP level 4. HP: 28/28 MP: 4/4
  1622 | D:2      | Killed Robin
  1963 | D:2      | HP: 1/28 [something (2)]
  1966 | D:2      | Fell down a flight of stairs

Levels and vault maps discovered:
D:1:      heliophobic_arrival_henge, layout_basic
D:2:      layout_basic, chequers_temple_overflow_statue_of_worship,
          first_ration, uniq_robin, uniq_sigmund

Skill      XL: |  1  2  3 |
---------------+----------+-----
Maces & Flails | 3 4 |  4.4
Fighting       | |  3.2
Armour         | |  3.2
Shields        | |  3.2

Action                   |  1- 3 |  4- 6 || total
-------------------------+-------+-------++-------
Melee: Flail             |   128 |    51 ||   179
Throw: Dart              |     6 |       ||     6
  Eat: Chunk             |     2 |     1 ||     3
Armor: Scale mail        |    98 |    21 ||   119
Dodge: Dodged            |    51 |    10 ||    61
Block: Kite shield       |    97 |    19 ||   116

Table legend:
 A = Non-vault XP
 B = Vault XP
 C = Vault XP percentage of total XP
 D = Non-vault monster count
 E = Vault monster count
 F = Vault count percentage of total count
                 A         B        C        D         E       F
            +---------+---------+-------+---------+---------+-------
      Total |      68 |      39 |  36.4 |      35 |      13 |  27.1
            +---------+---------+-------+---------+---------+-------
        D:1 |      46 |      24 |  34.3 |      23 |      12 |  34.3
        D:2 |      22 |      15 |  40.5 |      12 |       1 |   7.7
            +---------+---------+-------+---------+---------+-------
